 Dungeon Sprint DCSS version 0.29-a0-870-g2c972031a6 (webtiles) character file.

Game seed: 10562253853582605259

1066 mhtbhm the Basher (level 8, -4/56 HPs)
             Began as a Gargoyle Fighter on July 17, 2022.
             Was a Believer of Okawaru.
             Incinerated by a deep elf pyromancer (7 damage)
             ... with a sticky flame
             ... in the Dungeon (Sprint IX: "|||||||||||||||||||||||||||||").
             The game lasted 00:01:22 (548 turns).

mhtbhm the Basher (Gargoyle Fighter)                 Turns: 548, Time: 00:01:23

Health: -4/56      AC: 27    Str: 22    XL:     8   Next: 28%
Magic:  13/13      EV: 10    Int:  9    God:    Okawaru [**....]
Gold:   0          SH:  5    Dex:  9    Spells: 7/7 levels left

rFire   . . .      SeeInvis .   a - +2 morningstar (protect)
rCold   . . .      Faith    .   c - +0 buckler
rNeg    + . .      Spirit   .   b - +1 chain mail
rPois   ∞          Reflect  .   (no helmet)
rElec   +          Harm     .   (no cloak)
rCorr   .          Rampage  .   (no gloves)
Will    .....      NoTele   +   n - +0 pair of boots
Stlth   ..........              (no amulet)
HPRegen 0.18/turn               o - +2 ring of protection
MPRegen 0.13/turn               p - +2 ring of evasion

@: on fire, under a protective aura, glowing
A: sickness immunity, AC +5, negative energy resistance 1, electricity
resistance, torment resistance 1, petrification resistance
a: Renounce Religion, Heroism


You were in the Dungeon.
You worshipped Okawaru.
Okawaru was pleased with you.
You visited 1 branch

Inventory:

Hand Weapons
 a - a +2 morningstar of protection (weapon)
Missiles
 q - 6 poisoned darts (quivered)
Armour
 b - a +1 chain mail (worn)
 c - a +0 buckler (worn)
 n - a +0 pair of boots (worn)
Jewellery
 o - a +2 ring of protection (left hand)
 p - a +2 ring of evasion (right hand)
Wands
 m - a wand of acid (9)
Scrolls
 j - a scroll of blinking
 l - 2 scrolls of amnesia
Potions
 d - a potion of might
 e - 5 potions of curing
 f - a potion of invisibility
 g - a potion of haste
 h - 4 potions of magic
 i - a potion of berserk rage


   Skills:
 + Level 9.5 Fighting
 + Level 10.9 Maces & Flails
 + Level 8.3 Armour
 + Level 3.3 Dodging
 + Level 6.9 Shields
 * Level 6.8 Invocations


You had 7 spell levels left.
You didn't know any spells.
Your spell library was empty.

Dungeon Overview and Level Annotations

Branches:
Dungeon (1/1)

Altars:
Cheibriados
Dithmenos
Elyvilon
Fedhas
Gozag
Hepliaklqana
Kikubaaqudgha
Makhleb
Nemelex Xobeh
Okawaru
Qazlal
Ru
Sif Muna
Trog
Uskayaw
Vehumet
Wu Jian
Xom
Yredelemnul
Zin
The Shining One
Jiyva
Lugonu


Innate Abilities, Weirdness & Mutations

You are immune to sickness and miasma.
Your stone body is resilient. (AC +5)
You are immune to poison.
You resist negative energy. (rN+)
You are resistant to electric shocks. (rElec)
You are resistant to unholy torment.
You are immune to petrification.


Message History

The deep elf pyromancer hits you but does no damage.
You hit the deep elf pyromancer but do no damage.
The deep elf pyromancer is severely wounded.
The fire elemental hits you. The fire elemental burns you!
The deep elf pyromancer points at you and mumbles some strange words.
The sticky flame hits you but does no damage.
You are covered in liquid flames!
The smoke demon gestures at you. Something smites you!
* * * LOW HITPOINT WARNING * * *
Unknown command.
Aiming: Corrosive Bolt
Press: ? - help, Shift-Dir - straight line, f - deep elf pyromancer
Aim: a deep elf pyromancer, wielding a +0 long sword (severely wounded, 60% to hit)
The bolt of acid hits the deep elf pyromancer!
The deep elf pyromancer is almost dead.
The bolt of acid hits the slime creature!
The acid corrodes the slime creature!
The slime creature is heavily wounded.
The bolt of acid hits the smoke demon.
The smoke demon is lightly wounded.
The bolt of acid hits the centaur warrior!
The acid corrodes the centaur warrior!
The centaur warrior is moderately wounded.
The bolt of acid hits the kobold demonologist!
The acid corrodes the kobold demonologist!
The kobold demonologist is moderately wounded.
You are covered in liquid flames!
* * * LOW HITPOINT WARNING * * *
The fire elemental hits you. The fire elemental burns you!
* * * LOW HITPOINT WARNING * * *
The deep elf pyromancer barely misses you.
The fire elemental closely misses you.
Unknown command.
Unknown command.
Blink to where?
Press: ? - help, Dir - move target, p - deep elf pyromancer
As you read the scroll of blinking, it crumbles to dust.
You are covered in liquid flames!
You die... ▓▓▓▓▓▓▓▓▓▓▓▓▓▓▓▓▓▓▓▓▓▓▓▓▓▓▓▓▓▓▓▓ ________'..)..[.@.))..E§eJ3cKc5. ▓▓▓▓▓▓▓▓▓▓▓▓▓▓▓▓▓▓▓▓▓▓▓▓▓▓▓▓▓▓▓▓

You could see a fire elemental (summoned).

Vanquished Creatures
  A tengu conjurer (D)
  A shadow (D)
  A yak (D)
  A wraith (D)
  An orc warrior (D)
  A centaur (D)
  A kobold brigand (D)
  A necrophage (D)
  A scorpion (D)
  A gnoll bouda (D)
  A white imp (D)
  A dart slug (D)
  An endoplasm (D)
  A hobgoblin (D)
  2 quokkas (D)
  A bat (D)
17 creatures vanquished.

Notes
Turn   | Place    | Note
-------+----------+-------------------------------------------
     0 | D        | mhtbhm the Gargoyle Fighter began the quest for the Orb.
     0 | D        | Reached XP level 1. HP: 14/14 MP: 1/1
    17 | D        | Reached XP level 2. HP: 13/20 MP: 2/2
   135 | D        | Noticed a scorpion
   135 | D        | Noticed a necrophage
   146 | D        | Killed a scorpion
   147 | D        | Reached skill level 5 in Fighting
   147 | D        | Reached skill level 3 in Maces & Flails
   147 | D        | Reached skill level 5 in Armour
   147 | D        | Reached XP level 3. HP: 27/27 MP: 3/3
   147 | D        | Reached XP level 4. HP: 32/32 MP: 4/4
   161 | D        | Killed a necrophage
   162 | D        | Reached skill level 5 in Maces & Flails
   162 | D        | Reached skill level 1 in Dodging
   162 | D        | Reached skill level 5 in Shields
   162 | D        | Reached XP level 5. HP: 33/37 MP: 5/5
   287 | D        | Found a snail-covered altar of Cheibriados.
   287 | D        | Found a shadowy altar of Dithmenos.
   287 | D        | Found a white marble altar of Elyvilon.
   287 | D        | Found a blossoming altar of Fedhas.
   287 | D        | Found an opulent altar of Gozag.
   288 | D        | Found a hazy altar of Hepliaklqana.
   289 | D        | Found a viscous altar of Jiyva.
   290 | D        | Found an ancient bone altar of Kikubaaqudgha.
   291 | D        | Found a corrupted altar of Lugonu.
   292 | D        | Found a burning altar of Makhleb.
   293 | D        | Found a sparkling altar of Nemelex Xobeh.
   294 | D        | Found an iron altar of Okawaru.
   295 | D        | Found a stormy altar of Qazlal.
   296 | D        | Found a sacrificial altar of Ru.
   297 | D        | Found a shimmering blue altar of Sif Muna.
   298 | D        | Found a bloodstained altar of Trog.
   299 | D        | Found a hide-covered altar of Uskayaw.
   300 | D        | Found a radiant altar of Vehumet.
   301 | D        | Found an ornate altar of the Wu Jian Council.
   302 | D        | Became a worshipper of Warmaster Okawaru
   303 | D        | Found a shimmering altar of Xom.
   304 | D        | Found a basalt altar of Yredelemnul.
   305 | D        | Found a glowing silver altar of Zin.
   306 | D        | Found a glowing golden altar of the Shining One.
   367 | D        | Noticed a kobold brigand
   367 | D        | Noticed a centaur
   367 | D        | Noticed a yak
   367 | D        | Noticed a wraith
   367 | D        | Noticed a shadow
   367 | D        | Noticed an orc warrior
   381 | D        | Killed a kobold brigand
   382 | D        | Reached skill level 6 in Maces & Flails
   382 | D        | Reached XP level 6. HP: 37/44 MP: 5/7
   388 | D        | Reached skill level 7 in Maces & Flails
   393 | D        | Killed a yak
   393 | D        | Reached * piety under Okawaru
   394 | D        | Reached skill level 8 in Maces & Flails
   394 | D        | Reached XP level 7. HP: 43/49 MP: 6/10
   398 | D        | Killed a wraith
   399 | D        | Reached skill level 9 in Maces & Flails
   399 | D        | Reached skill level 5 in Invocations
   410 | D        | Killed a shadow
   410 | D        | Reached ** piety under Okawaru
   411 | D        | Reached skill level 10 in Maces & Flails
   416 | D        | Reached XP level 8. HP: 36/56 MP: 9/12
   528 | D        | Noticed a slime creature
   528 | D        | Noticed a tengu conjurer
   528 | D        | Noticed a centaur warrior
   528 | D        | Noticed a kobold demonologist
   528 | D        | Noticed a centaur warrior
   528 | D        | Noticed a deep elf pyromancer
   531 | D        | Noticed a smoke demon
   539 | D        | Killed a tengu conjurer
   548 | D        | Incinerated by a deep elf pyromancer

Illustrated notes

Levels and vault maps discovered:
D:        linesprint [early_d, line_temple, items_1, d_10, items_2, lair_1,
          lair_end, items_3, orc_1, orc_end, items_4, d_15, swamp_1, shoals_1,
          snake_1, spider_1, d_20, vaults_1, items_5, swamp_end, shoals_end,
          snake_end, spider_end, vaults_end, d_27, items_6, zot_1, zot_end,
          crypt_end, forest_end, elf_end, slime_end, tomb_end, abyss_end,
          pan_hell_end]

Skill      XL: |  1  2  3  4  5  6  7 |
---------------+----------------------+-----
Fighting       | 4 5 6 7 8 9 |  9.5
Armour         | 4 5 6 7 8 |  8.3
Maces & Flails | 3 5 6 8 10 | 10.9
Shields        | 4 5 6 |  6.9
Dodging        | 1 2 3 |  3.3
Invocations    | 2 4 6 |  6.8

Action                   |  1- 3 |  4- 6 |  7- 9 || total
-------------------------+-------+-------+-------++-------
Melee: Flail             |    23 |    29 |       ||    52
       Morningstar       |       |    25 |    37 ||    62
Evoke: Wand              |       |       |     1 ||     1
  Use: Potion            |     1 |       |     2 ||     3
       Scroll            |       |       |     1 ||     1
Armor: Scale mail        |     8 |    11 |       ||    19
       Chain mail        |       |    16 |    29 ||    45
Dodge: Dodged            |    15 |    29 |    20 ||    64
Block: Buckler           |     5 |     8 |     5 ||    18

Table legend: (Time is in decaauts)
 A = Elapsed time spent in this place.
 B = Non-inter-level travel time spent in this place.
 C = Inter-level travel time spent in this place.
 D = Time resting spent in this place.
 E = Time spent auto-exploring this place.
 F = Levels seen in this place.
 G = Mean time per level.
                   A        B        C        D        E       F      G
               +--------+--------+--------+--------+--------+-----+--------+
         Total |    572 |    572 |      0 |    329 |      3 |   1 |  572.0 |
       Dungeon |    572 |    572 |      0 |    329 |      3 |   1 |  572.0 |
               +--------+--------+--------+--------+--------+-----+--------+

Top non-repeatable levels by time:
       D: 572 daAuts
